 Dungeon Sprint DCSS version 0.19.1-1-g22dce08 (webtiles) character file.

67 Hipnos the Magician (level 4, 0/40 HPs)
             Began as an Octopode Wizard on Jan 14, 2017.
             Slain by Sigmund
             ... wielding a +0 scythe
              (3 damage)
             ... in the Dungeon (Sprint I: "Red Sonja").
             The game lasted 00:03:54 (171 turns).

Hipnos the Magician (Octopode Wizard)                Turns: 171, Time: 00:03:55

Health: 0/40       AC:  1    Str: 11    XL:     4   Next: 18%
Magic:  5/12       EV: 14    Int: 21    God:
Gold:   54         SH:  0    Dex: 10    Spells: 5 memorised, 4 levels left

rFire  . . .     SeeInvis .     e - +0 dagger
rCold  . . .     Gourm    .     (no shield)
rNeg   . . .     Faith    .     a - +0 hat
rPois  .         Spirit   .     (no amulet)
rElec  .         Reflect  .     (no ring)
rCorr  .         Harm     .     (no ring)
MR     .....     NoTele   +     (no ring)
Stlth  ..........               (no ring)
                                (no ring)
                                (no ring)
                                (no ring)
                                (no ring)

@: berserking, very quick
A: almost no armour, stealthy swim, amphibious, 8 rings, constrict 8, camouflage
1, gelatinous body 1
a: no special abilities


You were in the Dungeon.
You were not hungry.

You visited 1 branch You collected 54 gold pieces.

Inventory:

Hand Weapons
 e - a +0 dagger (weapon)
Armour
 a - a +0 hat (worn)
Scrolls
 i - a scroll of blinking
Potions
 f - a potion of haste
 g - a potion of magic
Books
 b - a book of Minor Magic

   Spells                             Type                      Level
   a - Magic Dart                     Conjuration                  1
   b - Blink                          Translocation                2
   c - Call Imp                       Summoning                    2
   d - Repel Missiles                 Charms/Air                   2
   e - Slow                           Hexes                        2
   f - Conjure Flame                  Conjuration/Fire             3
   g - Mephitic Cloud                 Conjuration/Poison/Air       3
Comestibles
 c - a bread ration
 j - a chunk of flesh


   Skills:
 + Level 0.2 Fighting
 + Level 3.9 Dodging
 + Level 4.6 Stealth
 + Level 1.1 Unarmed Combat
 + Level 6.3 Spellcasting
 + Level 1.0 Conjurations
 + Level 1.5 Summonings
 + Level 1.0 Translocations


You had 4 spell levels left.
You knew the following spells:

 Your Spells              Type           Power        Failure   Level  Hunger
a - Magic Dart            Conj           ##..         8%          1    None
b - Blink                 Tloc           N/A          12%         2    None
c - Call Imp              Summ           ##......     10%         2    None
d - Conjure Flame         Conj/Fire      #.......     24%         3    #......
e - Mephitic Cloud        Conj/Pois/Air  #.......     30%         3    #......


Dungeon Overview and Level Annotations

Branches:
Dungeon (1/1)

Altars:

Annotations:
D Sigmund


Innate Abilities, Weirdness & Mutations

You cannot wear most types of armour.
You are very stealthy in the water. (Stealth+)
You are amphibious.
You can wear up to eight rings at the same time.
You can use your tentacles to constrict eight enemies at once.
Your skin changes colour to match your surroundings (Stealth+).
Your rubbery body absorbs attacks. (AC +1, EV +1)


Message History

Casting: Call Imp
Confirm with . or Enter, or press ? or * to list all spells.
You can't see any susceptible monsters within range! (Use Z to cast anyway.)
Casting: Call Imp
Confirm with . or Enter, or press ? or * to list all spells.
Okay, then.
Casting: Call Imp
Confirm with . or Enter, or press ? or * to list all spells.
Okay, then.
Casting: Call Imp
Confirm with . or Enter, or press ? or * to list all spells.
A beastly little devil appears in a puff of flame.
Something hits you!
* * * LOW HITPOINT WARNING * * *
A red film seems to cover your vision as you go berserk!
You feel yourself moving faster!
You feel mighty!
Your crimson imp misses something.
You feel a strong urge to attack something.
Something hits you.
You die...

########## ##
#<.#.÷'..#..+
#..{5)#..'..#
#55#####'####
#.@# #..#
#..# ####
#..# #⌠⌠#
####


You could see 2 friendly crimson imps.

Vanquished Creatures
  Ijyb (D)
1 creature vanquished.

Vanquished Creatures (collateral kills)
  An ogre (D)
1 creature vanquished.

Grand Total: 2 creatures vanquished

Notes
Turn   | Place    | Note
-------+----------+-------------------------------------------
     0 | D        | Hipnos the Octopode Wizard began the quest for the Orb.
     0 | D        | Reached XP level 1. HP: 11/11 MP: 4/4
     1 | D        | Noticed Ijyb
    18 | D        | Killed Ijyb
    18 | D        | Reached skill level 5 in Spellcasting
    18 | D        | Reached XP level 2. HP: 11/17 MP: 5/8
    18 | D        | Reached XP level 3. HP: 14/21 MP: 5/9
    32 | D        | Learned a level 2 spell: Blink
    35 | D        | Learned a level 2 spell: Call Imp
    39 | D        | Learned a level 3 spell: Conjure Flame
    43 | D        | Learned a level 3 spell: Mephitic Cloud
   116 | D        | Noticed an ogre
   122 | D        | Killed an ogre
   122 | D        | Reached skill level 1 in Unarmed Combat
   122 | D        | Reached skill level 6 in Spellcasting
   122 | D        | Reached XP level 4. HP: 27/27 MP: 7/12
   142 | D        | Noticed Sigmund
   171 | D        | Slain by Sigmund

Skill      XL: |  1  2  3 |
---------------+----------+-----
Dodging        | 3 |  3.9
Stealth        | 3 4 |  4.6
Spellcasting   | 5 6 |  6.3
Unarmed Combat | 1 |  1.1
Fighting       | |  0.2
Conjurations   | |  1.0
Summonings     | |  1.5
Translocations | |  1.0

Action                   |  1- 3 |  4- 6 || total
-------------------------+-------+-------++-------
Melee: Unarmed           |    14 |       ||    14
       Constrict         |     1 |       ||     1
 Cast: Call Imp          |     2 |     8 ||    10
       Blink             |       |     1 ||     1
  Use: Potion            |     1 |     3 ||     4
 Stab: Sleeping          |     1 |       ||     1
Armor: Skin              |     1 |     1 ||     2
Dodge: Dodged            |     7 |     1 ||     8
